 Dungeon Crawl Stone Soup version 0.31-a0-692-gf03d1854d5 (webtiles) character file.

Game seed: 6552900061205291694

38 qw the Shooter (level 3, -3/22 HPs)
             Began as a Gargoyle Hunter on Sept 6, 2023.
             Slain by a black bear (6 damage)
             ... on level 2 of the Dungeon.
             The game lasted 00:00:20 (879 turns).

qw the Shooter (Gargoyle Hunter)                     Turns: 879, Time: 00:00:20

Health: -3/22      AC:  6    Str: 14    XL:     3   Next: 43%
Magic:  3/3        EV: 11    Int:  9    God:
Gold:   54         SH:  0    Dex: 15    Spells: 2/2 levels left

rFire   . . .        Y - +0 shortbow
rCold   . . .        (shield currently unavailable)
rNeg    + . .        c - +0 leather armour
rPois   inf          (no helmet)
rElec   +            (no cloak)
rCorr   .            (no gloves)
SInv    .            (no boots)
Will    .....        (no amulet)
Stlth   ++           (no ring)
HPRegen 0.23/turn    (no ring)
MPRegen 0.08/turn

%: no passive effects
@: no status effects
A: sickness immunity, AC +3, negative energy resistance 1, electricity
resistance, torment resistance 1, petrification resistance
a: no special abilities


You were on level 2 of the Dungeon.
You visited 1 branch of the dungeon, and saw 2 of its levels.

You collected 54 gold pieces.


Innate Abilities, Weirdness & Mutations

You are immune to sickness and miasma.
Your stone body is resilient. (AC +3)
You are immune to poison.
You resist negative energy. (rN+)
You are resistant to electric shocks. (rElec)
You are resistant to unholy torment.
You are immune to petrification.


   Skills:
 + Level 2.5 Fighting
 - Level 5.0 Ranged Weapons
 - Level 1.5 Dodging
 - Level 1.1 Stealth


You had 2 spell levels left.
You didn't know any spells.
Your spell library was empty.

Inventory:

Hand Weapons
 Y - a +0 shortbow (weapon)
Armour
 c - a +0 leather armour (worn)
Jewellery
 a - a ring of protection from fire
Potions
 f - a potion of ambrosia {unknown}
 h - a potion of magic {unknown}
 i - a potion of haste {unknown}

Dungeon Overview and Level Annotations

Branches:
Dungeon (2/15)

Altars:


Message History

You shoot an arrow. The arrow hits the ball python!
You kill the ball python!
A worm comes into view.
You shoot an arrow. The arrow hits the worm!
The worm is heavily wounded.
You shoot an arrow. The arrow hits the worm!
The worm is almost dead.
You shoot an arrow. The arrow barely misses the worm.
You shoot an arrow. The arrow barely misses the worm.
You shoot an arrow. The arrow hits the worm!
You kill the worm!
Found a chain mail.
a - a ring of protection from fire A black bear comes into view.
You shoot an arrow. The arrow hits the black bear.
The black bear growls angrily.
The black bear is moderately wounded.
You shoot an arrow.
The arrow completely misses the black bear.
You shoot an arrow.
The arrow hits the black bear but does no damage.
The black bear is moderately wounded.
You shoot an arrow. The arrow hits the black bear.
The black bear is heavily wounded.
You shoot an arrow. The arrow hits the black bear.
The black bear is heavily wounded.
The black bear bites you. The black bear claws you.
The black bear claws you but does no damage.
The black bear bites you. The black bear misses you. The black bear claws you.
You shoot an arrow. The arrow barely misses the black bear.
The black bear misses you. The black bear claws you. x2
You shoot an arrow. The arrow hits the black bear.
The black bear is severely wounded.
The black bear bites you.
The black bear claws you but does no damage. x2
You shoot an arrow.
The arrow hits the black bear but does no damage.
The black bear is severely wounded.
The black bear bites you.
You die...

#. #. #. #. #. #.
######## #. #.
#......## #. #.
#.#.....# #. #.
#.#.....#####.
#h####.#...........
#.@..........######
######.#....[# #
#......## #
######## # # # #


You could see a black bear.

Vanquished Creatures
  A worm (D:2)
  5 ball pythons
  3 endoplasms (D:1)
  2 giant cockroaches (D:1)
  2 goblins (D:1)
  3 hobgoblins (D:1)
  3 jackals (D:1)
  4 kobolds (D:1)
  3 bats (D:1)
  3 frilled lizards
  5 rats (D:1)
34 creatures vanquished.

Notes
Turn   | Place    | Note
-------+----------+-------------------------------------------
     0 | D:1      | qw the Gargoyle Hunter began the quest for the Orb.
     0 | D:1      | Reached XP level 1. HP: 12/12 MP: 1/1
     0 | D:1      | 0 ||| qw: Version: 0.3-a-76-g4403597
     0 | D:1      | 0 ||| qw: Game counter: 84
     0 | D:1      | 0 ||| qw: Melee chars always use a shield: true
     0 | D:1      | 0 ||| qw: God list: Okawaru
     0 | D:1      | 0 ||| qw: Allow faded altars: false
     0 | D:1      | 0 ||| qw: Do Orc after clearing Dungeon:15 true
     0 | D:1      | 0 ||| qw: Do second Lair branch before Depths: true
     0 | D:1      | 0 ||| qw: Lair rune preference: random
     0 | D:1      | 0 ||| qw: Goals: Normal
     0 | D:1      | 0 ||| PLANNING D:1-11
   135 | D:1      | Reached XP level 2. HP: 17/17 MP: 2/2
   296 | D:1      | Reached XP level 3. HP: 21/21 MP: 3/3
   332 | D:1      | Reached skill level 5 in Ranged Weapons
   792 | D:1      | 792 ||| READING scroll labelled OCIMOKHIEL.
   793 | D:1      | 793 ||| READING scroll labelled SAONONNO EHOM.
   796 | D:1      | 796 ||| READING scroll labelled XAUNEOXZOYDA.
   797 | D:1      | 797 ||| DROPPING scroll of butterflies.
   871 | D:2      | Noticed a black bear
   877 | D:2      | HP: 5/22 [black bear (1)]
   879 | D:2      | Slain by a black bear

Levels and vault maps discovered:
D:1:      ebering_hopf_link, layout_basic
D:2:      layout_loops_cross, minmay_3d_cube, uniq_robin

Skill      XL: |  1  2  3 |
---------------+----------+-----
Ranged Weapons | 5 |  5.0
Fighting       | |  2.5
Dodging        | |  1.5
Stealth        | |  1.1

Action                     || total
---------------------------++-------
   Fire: Shortbow          ||    83
    Use: Scroll            ||     3
 Armour: Leather armour    ||    15
  Dodge: Dodged            ||     7

Table legend:
 A = Non-vault XP
 B = Vault XP
 C = Vault XP percentage of total XP
 D = Non-vault monster count
 E = Vault monster count
 F = Vault count percentage of total count
                 A         B        C        D         E       F
            +---------+---------+-------+---------+---------+-------
      Total |      55 |       0 |   0.0 |      34 |       0 |   0.0
            +---------+---------+-------+---------+---------+-------
        D:1 |      48 |       0 |   0.0 |      31 |       0 |   0.0
        D:2 |       7 |       0 |   0.0 |       3 |       0 |   0.0
            +---------+---------+-------+---------+---------+-------
